 Dungeon Sprint DCSS version 0.24.0-37-gcf1ca852f1 (webtiles) character file.

Game seed: 9461631066477923662, levelgen mode: deterministic

62437 Groucho the Slayer (level 14, -11/152 HPs)
             Began as a Minotaur Fighter on Nov 20, 2019.
             Was a High Priest of Cheibriados.
             Killed from afar by a frost giant (56 damage)
             ... with a bolt of cold
             ... in the Dungeon (Sprint IX: "|||||||||||||||||||||||||||||") on Nov 24, 2019.
             The game lasted 00:20:37 (7023 turns).

Groucho the Slayer (Minotaur Fighter)               Turns: 7023, Time: 00:20:37

Health: -11/152    AC: 29    Str: 36    XL:     14   Next: 64%
Magic:  4/23       EV: 19    Int: 19    God:    Cheibriados [*****.]
Gold:   316        SH: 20    Dex: 28    Spells: 13/13 levels left

rFire    + . .     SeeInvis +   t - +1 broad axe (chop)
rCold    . . .     Gourm    .   H - +0 shield {reflect}
rNeg     . . .     Faith    .   c - +4 plate armour {rF+}
rPois    +         Spirit   .   (helmet restricted)
rElec    .         Reflect  +   A - +1 cloak
rCorr    .         Harm     .   (no gloves)
MR       +....     NoTele   +   r - +1 pair of boots
Stlth    ..........             (no amulet)
HPRegen  0.35/turn              E - ring of see invisible
MPRegen  0.18/turn              F - ring of poison resistance

@: very slow
A: retaliatory headbutt, horns 2
a: Bend Time, Temporal Distortion, Slouch, Step From Time, Renounce Religion


You were in the Dungeon.
You worshipped Cheibriados.
Cheibriados was extremely pleased with you.
You were not hungry.

You visited 1 branch You collected 1928 gold pieces.
You spent 1612 gold pieces at shops.

Inventory:

Hand Weapons
 t - a +1 broad axe of chopping (weapon)
 u - a +2 morningstar of protection
 B - a +2 eveningstar of venom
Missiles
 o - a silver javelin (quivered)
Armour
 c - a +4 plate armour of fire resistance (worn)
 r - a +1 pair of boots (worn)
 A - a +1 cloak (worn)
 H - a +0 shield of reflection (worn)
Jewellery
 C - an uncursed ring of resist corrosion
 D - an uncursed ring of fire
 E - a ring of see invisible (left hand)
 F - a ring of poison resistance (right hand)
Wands
 n - a wand of acid (9)
Scrolls
 b - 2 scrolls of identify
 k - a scroll of blinking
 l - 7 scrolls of remove curse
 m - 2 scrolls of amnesia
 p - a scroll of acquirement {unknown}
 v - 5 scrolls of enchant armour
 w - 2 scrolls of enchant weapon
 y - a scroll of fear
 G - a scroll of fog
Potions
 a - 3 potions of agility
 d - 2 potions of might
 e - 11 potions of curing
 h - 2 potions of cancellation {unknown}
 i - 3 potions of magic
 j - 4 potions of invisibility
 q - 2 potions of brilliance
 x - 2 potions of mutation
 z - a potion of ambrosia
Comestibles
 f - 9 rations


   Skills:
 + Level 21.8 Fighting
 - Level 18.0 Axes
 + Level 21.8 Armour
 + Level 10.3 Dodging
 + Level 21.8 Shields
 - Level 12.0 Unarmed Combat
 - Level 14.1 Invocations


You had 13 spell levels left.
You didn't know any spells.
Your spell library contained the following spells:

 Spells                   Type           Power        Failure   Level  Hunger
 Animate Skeleton         Necr           N/A          52%         1    ##.....
 Apportation              Tloc           #.....       52%         1    ##.....
 Confusing Touch          Hex            #.....       52%         1    ##.....
 Summon Small Mammal      Summ           #...         52%         1    ##.....


Dungeon Overview and Level Annotations

Branches:
Dungeon (1/1)

Altars:
Cheibriados
Dithmenos
Elyvilon
Fedhas
Gozag
Hepliaklqana
Kikubaaqudgha
Makhleb
Nemelex Xobeh
Okawaru
Qazlal
Ru
Sif Muna
Trog
Uskayaw
Vehumet
Wu Jian
Xom
Yredelemnul
Zin
The Shining One
Beogh
Jiyva
Lugonu

Shops:
D *%%


Innate Abilities, Weirdness & Mutations

You reflexively headbutt those who attack you in melee.
You have a pair of horns on your head.


Message History

You chop the lich into pieces!!!
You destroy the lich!
Cheibriados appreciates the change of pace.
The green death disappears in a puff of smoke!
The blizzard demon disappears in a puff of smoke!
Your Dodging skill increases to level 10!
The frost giant points at you and mumbles some strange words.
The bolt of cold hits you!!
* * * LOW HITPOINT WARNING * * *
Unknown command.
You can feel time thicken for a moment.
You feel somewhat more hungry.
Cheibriados lowers the support of your attributes as your movement quickens.
The frost giant gestures at you while chanting.
The bolt of cold misses you.
Unknown command.
Unknown command.
You feel much better.
The frost giant points at you and mumbles some strange words.
The bolt of cold hits you!!!
You die...

....)....)).).(.(........[[[[[[[[
▓▓▓▓▓▓▓▓▓▓▓▓▓▓▓▓▓▓▓▓▓▓▓▓▓▓▓▓▓▓▓▓▓
.......................[.........
▓▓▓▓▓▓▓▓▓▓▓▓▓▓▓▓▓▓▓▓▓▓♣♣♣♣♣♣♣♣♣♣▓
.'.........'......)).'(...)....'[
▓▓▓▓▓▓▓▓▓▓▓▓▓▓▓▓▓▓▓▓▓▓♣♣♣♣♣♣♣♣♣♣▓
.......).........................
▓▓▓▓▓▓▓▓▓▓▓▓▓▓▓▓▓▓▓▓▓▓▓▓▓▓▓▓▓▓▓▓▓
.cC.).)@((§§......()....
▓▓▓▓▓▓▓▓▓▓▓▓▓▓▓▓▓▓▓▓▓▓▓▓


You could see a frost giant and a yaktaur captain.

Vanquished Creatures
  A lich (D)
  Agnes (D)
  Donald (D)
  2 fire giants (D)
  A ghost moth (D)
  A very ugly thing (D)
  An ironheart preserver (D)
  An entropy weaver (D)
  An entropy weaver (shapeshifter) (D)
  A stone giant (D)
  An ettin (D)
  A fire dragon (D)
  2 great orbs of eyes (D)
  A spriggan air mage (D)
  3 centaur warriors (D)
  5 hydras (D)
  An ice dragon (D)
  An anaconda (D)
  An ogre mage (D)
  An alligator (D)
  A satyr (D)
  A deep troll earth mage (D)
  4 tengu warriors (D)
  11 orc high priests (D)
  2 shock serpents (D)
  Urug (D)
  A deep elf knight (D)
  Sonja (D)
  A fire crab (shapeshifter) (D)
  A spriggan druid (D)
  A hell knight (D)
  A naga ritualist (D)
  A glowing orange brain (D)
  A swamp dragon (D)
  An ironbrand convoker (D)
  7 orc knights (D)
  A wolf spider (D)
  A mana viper (D)
  A cyclops (D)
  A deep elf mage (D)
  A necromancer (D)
  3 ugly things (D)
  2 moths of wrath (D)
  5 manticores (D)
  An elephant (D)
  Maurice (D)
  2 black mambas (D)
  2 vault sentinels (D)
  A gargoyle (D)
  A naga mage (D)
  3 spiny frogs (D)
  4 komodo dragons (D)
  3 yaktaurs (D)
  A tengu conjurer (D)
  A tyrant leech (D)
  A jumping spider (D)
  A jumping spider (shapeshifter) (D)
  5 polar bears (D)
  A slime creature (D)
  A snapping turtle (D)
  A hippogriff (D)
  A shadow (D)
  A wraith (D)
  A redback (D)
  A basilisk (D)
  2 tarantellas (D)
  A water elemental (D)
  2 yaks (D)
  A steam dragon (D)
  A hungry ghost (D)
  An acid dragon (D)
  A naga (D)
  3 water moccasins (D)
  3 black bears (D)
  2 sky beasts (D)
  10 orc warriors (D)
  An ice beast (shapeshifter) (D)
  3 centaurs (D)
  4 crocodiles (D)
  An ogre (D)
  A big kobold (D)
  A bullfrog (D)
  A howler monkey (D)
  2 crimson imps (D)
  2 hounds (D)
  4 orc priests (D)
  2 orc wizards (D)
  7 orcs (D)
  A hobgoblin (D)
  2 bats (D)
  2 rats (D)
174 creatures vanquished.

Vanquished Creatures (others)
  A merfolk (D)
  A tyrant leech (D)
  A swamp drake (D)
3 creatures vanquished.

Grand Total: 177 creatures vanquished

Notes
Turn   | Place    | Note
-------+----------+-------------------------------------------
     0 | D        | Groucho the Minotaur Fighter began the quest for the Orb.
     0 | D        | Reached XP level 1. HP: 19/19 MP: 0/0
    25 | D        | Noticed a centaur
    25 | D        | Noticed an ogre
    25 | D        | Noticed a sky beast
    25 | D        | Noticed a howler monkey
    33 | D        | Killed a howler monkey
    33 | D        | Reached skill level 5 in Fighting
    33 | D        | Reached skill level 5 in Armour
    33 | D        | Reached skill level 5 in Shields
    33 | D        | Reached XP level 2. HP: 21/29 MP: 1/1
    33 | D        | Reached XP level 3. HP: 26/36 MP: 2/2
    40 | D        | Killed a sky beast
    40 | D        | Reached XP level 4. HP: 15/45 MP: 3/3
    42 | D        | Killed an ogre
    42 | D        | Reached XP level 5. HP: 27/53 MP: 4/4
    45 | D        | Killed a centaur
    45 | D        | Reached XP level 6. HP: 29/62 MP: 5/5
   573 | D        | Found a roughly hewn altar of Beogh.
   573 | D        | Found a snail-covered altar of Cheibriados.
   573 | D        | Found a shadowy altar of Dithmenos.
   573 | D        | Found a white marble altar of Elyvilon.
   573 | D        | Found a blossoming altar of Fedhas.
   573 | D        | Found an opulent altar of Gozag.
   574 | D        | Found a hazy altar of Hepliaklqana.
   575 | D        | Found a viscous altar of Jiyva.
   576 | D        | Found an ancient bone altar of Kikubaaqudgha.
   577 | D        | Found a corrupted altar of Lugonu.
   579 | D        | Became a worshipper of Cheibriados the Contemplative
   581 | D        | Found a burning altar of Makhleb.
   582 | D        | Found a sparkling altar of Nemelex Xobeh.
   583 | D        | Found an iron altar of Okawaru.
   584 | D        | Found a stormy altar of Qazlal.
   585 | D        | Found a sacrificial altar of Ru.
   586 | D        | Found a shimmering blue altar of Sif Muna.
   587 | D        | Found a bloodstained altar of Trog.
   588 | D        | Found a hide-covered altar of Uskayaw.
   589 | D        | Found a radiant altar of Vehumet.
   590 | D        | Found an ornate altar of the Wu Jian Council.
   591 | D        | Found a shimmering altar of Xom.
   592 | D        | Found a basalt altar of Yredelemnul.
   593 | D        | Found a glowing silver altar of Zin.
   594 | D        | Found a glowing golden altar of the Shining One.
   657 | D        | Noticed a hippogriff
   657 | D        | Noticed a sky beast
   660 | D        | Reached skill level 1 in Invocations
   663 | D        | Reached * piety under Cheibriados
   669 | D        | Killed a sky beast
   669 | D        | Reached ** piety under Cheibriados
   669 | D        | Reached XP level 7. HP: 60/70 MP: 5/8
   678 | D        | Killed a hippogriff
   678 | D        | Reached skill level 10 in Fighting
   678 | D        | Reached skill level 10 in Armour
   678 | D        | Reached skill level 10 in Shields
   733 | D        | Noticed a shadow
   733 | D        | Noticed a komodo dragon
   733 | D        | Noticed a steam dragon
   733 | D        | Noticed a deep elf mage
   733 | D        | Noticed a yak
   736 | D        | Killed a yak
   736 | D        | Reached *** piety under Cheibriados
   736 | D        | Reached skill level 10 in Axes
   743 | D        | Killed a steam dragon
   743 | D        | Reached skill level 5 in Invocations
   743 | D        | Reached XP level 8. HP: 57/81 MP: 10/10
   751 | D        | Killed a komodo dragon
   751 | D        | Reached **** piety under Cheibriados
   752 | D        | Killed a deep elf mage
  1206 | D        | Noticed a seven-headed hydra
  1206 | D        | Noticed a spiny frog
  1206 | D        | Noticed a spiny frog
  1206 | D        | Noticed an eight-headed hydra
  1207 | D        | Reached XP level 9. HP: 90/90 MP: 13/13
  1208 | D        | Noticed a five-headed hydra
  1209 | D        | Reached ***** piety under Cheibriados
  1210 | D        | Killed a spiny frog
  1210 | D        | Killed a spiny frog
  1210 | D        | HP: 4/91 [eight-headed hydra (2)]
  1215 | D        | Killed an eight-headed hydra
  1216 | D        | Killed a seven-headed hydra
  1216 | D        | Reached XP level 10. HP: 33/101 MP: 3/15
  1216 | D        | Killed a five-headed hydra
  1681 | D        | Noticed an elephant
  1693 | D        | Reached skill level 10 in Invocations
  1701 | D        | Killed an elephant
  1708 | D        | Reached ****** piety under Cheibriados
  1746 | D        | Reached XP level 11. HP: 87/111 MP: 6/18
  1932 | D        | Noticed Sonja
  1938 | D        | Killed Sonja
  2153 | D        | Noticed an orc knight
  2153 | D        | Noticed an orc knight
  2159 | D        | Killed an orc knight
  2163 | D        | Killed an orc knight
  2163 | D        | Reached skill level 15 in Fighting
  2163 | D        | Reached skill level 15 in Armour
  2163 | D        | Reached skill level 15 in Shields
  2265 | D        | Noticed an orc high priest
  2269 | D        | Reached skill level 15 in Axes
  2282 | D        | Killed an orc high priest
  2452 | D        | Found Wylil's Food Boutique.
  2452 | D        | Noticed an orc high priest
  2452 | D        | Noticed an orc knight
  2452 | D        | Noticed an orc high priest
  2452 | D        | Noticed an orc high priest
  2452 | D        | Noticed an orc knight
  2453 | D        | Noticed an orc high priest
  2453 | D        | Noticed an orc high priest
  2456 | D        | Killed an orc high priest
  2456 | D        | Killed an orc high priest
  2456 | D        | Killed an orc high priest
  2456 | D        | Killed an orc high priest
  2457 | D        | Noticed an orc high priest
  2459 | D        | Killed an orc knight
  2460 | D        | Found Itent's Food Shop.
  2462 | D        | Killed an orc high priest
  2465 | D        | Killed an orc knight
  2472 | D        | Killed an orc high priest
  2472 | D        | Reached XP level 12. HP: 46/124 MP: 5/20
  2904 | D        | Found Hiwac's Assorted Antiques.
  2908 | D        | Found Zowyich's Distillery.
  2910 | D        | Noticed an orc high priest
  2912 | D        | Noticed an orc high priest
  2915 | D        | Noticed an orc high priest
  2915 | D        | Noticed an orc high priest
  2922 | D        | Killed an orc high priest
  2938 | D        | Killed an orc high priest
  2942 | D        | Killed an orc high priest
  2943 | D        | Killed an orc high priest
  2969 | D        | Bought a scroll labeled TIGOAR XAENY for 24 gold pieces
  2969 | D        | Bought a hardcover book for 360 gold pieces
  2969 | D        | Bought a scroll of identify for 48 gold pieces
  2969 | D        | Bought a scroll of enchant armour for 180 gold pieces
  2969 | D        | Bought a scroll of blinking for 180 gold pieces
  2969 | D        | Bought a scroll of remove curse for 72 gold pieces
  2971 | D        | Bought a potion of mutation for 88 gold pieces
  2971 | D        | Bought a potion of curing for 33 gold pieces
  2971 | D        | Bought a potion of curing for 33 gold pieces
  2971 | D        | Bought a potion of agility for 44 gold pieces
  2971 | D        | Bought a potion of ambrosia for 88 gold pieces
  2971 | D        | Bought a potion of curing for 33 gold pieces
  2971 | D        | Bought a potion of magic for 88 gold pieces
  2971 | D        | Bought 2 potions of invisibility for 176 gold pieces
  2971 | D        | Bought a potion of curing for 33 gold pieces
  2971 | D        | Bought a potion of invisibility for 88 gold pieces
  2971 | D        | Bought a potion of degeneration for 11 gold pieces
  2971 | D        | Bought a potion of curing for 33 gold pieces
  3543 | D        | Noticed Maurice
  3552 | D        | Killed Maurice
  3829 | D        | Noticed Urug
  3834 | D        | Killed Urug
  3929 | D        | Found the +2 robe of Vines {NoPotionHeal Regen+7}
  3982 | D        | Noticed a centaur warrior
  3990 | D        | Noticed an ettin
  3995 | D        | Noticed a tengu warrior
  3998 | D        | Killed a centaur warrior
  3999 | D        | Noticed a centaur warrior
  4005 | D        | Killed an ettin
  4014 | D        | Killed a tengu warrior
  4022 | D        | Killed a centaur warrior
  4041 | D        | Noticed a fire giant
  4050 | D        | Killed a fire giant
  4579 | D        | Noticed Donald
  4586 | D        | Killed Donald
  4664 | D        | Reached XP level 13. HP: 134/134 MP: 22/22
  4672 | D        | Reached skill level 5 in Unarmed Combat
  5626 | D        | Noticed a ghost moth
  5630 | D        | Noticed an entropy weaver
  5646 | D        | Killed a ghost moth
  5658 | D        | Killed an entropy weaver
  6232 | D        | Upgraded the game from 0.24.0-35-gdb84b6a5db to
                  | 0.24.0-37-gcf1ca852f1
  6264 | D        | Noticed Agnes
  6270 | D        | Killed Agnes
  6270 | D        | Reached skill level 10 in Unarmed Combat
  6362 | D        | Noticed a fire giant
  6372 | D        | Reached XP level 14. HP: 87/149 MP: 23/23
  6374 | D        | Killed a fire giant
  6374 | D        | Reached skill level 5 in Dodging
  6438 | D        | Noticed a green very ugly thing
  6448 | D        | Killed a green very ugly thing
  6977 | D        | Noticed an ironheart preserver
  6980 | D        | Killed an ironheart preserver
  6997 | D        | Noticed a stone giant
  7009 | D        | Noticed an entropy weaver
  7014 | D        | Noticed a lich
  7015 | D        | Killed a stone giant
  7017 | D        | Noticed a frost giant
  7018 | D        | Killed an entropy weaver
  7021 | D        | Killed a lich
  7021 | D        | Reached skill level 10 in Dodging
  7023 | D        | Killed from afar by a frost giant

Levels and vault maps discovered:
D:        linesprint [early_d, line_temple, items_1, d_10, items_2, lair_1,
          lair_end, items_3, orc_1, orc_end, items_4, d_15, swamp_1, shoals_1,
          snake_1, spider_1, d_20, vaults_1, items_5, swamp_end, shoals_end,
          snake_end, spider_end, vaults_end, d_27, items_6, zot_1, zot_end,
          crypt_end, forest_end, elf_end, slime_end, tomb_end, abyss_end,
          pan_hell_end]

Skill      XL: |  1  2  3  4  5  6  7  8  9 10 11 12 13 14 |
---------------+-------------------------------------------+-----
Fighting       | 5 6 7 8 9 10 11 13 14 16 18 20 21 | 21.8
Armour         | 5 6 7 8 9 10 11 13 14 16 18 20 21 | 21.8
Shields        | 5 6 7 8 9 10 11 13 14 16 18 20 21 | 21.8
Axes           | 4 6 7 8 9 10 11 13 14 16 18 | 18.0
Invocations    | 3 5 7 9 10 12 14 | 14.1
Unarmed Combat | 2 10 12 | 12.0
Dodging        | 4 10 | 10.3

Action                   |  1- 3 |  4- 6 |  7- 9 | 10-12 | 13-15 || total
-------------------------+-------+-------+-------+-------+-------++-------
Melee: War axe           |    30 |     4 |       |       |       ||    34
       Headbutt          |     5 |     5 |    12 |    63 |    56 ||   141
       Broad axe         |       |    11 |    25 |   155 |   128 ||   319
Throw: Javelin           |       |       |       |       |     5 ||     5
Invok: Slouch            |       |       |     5 |    26 |    27 ||    58
Evoke: Wand              |       |       |       |     3 |     6 ||     9
  Use: Potion            |       |     1 |     2 |     1 |     5 ||     9
       Scroll            |       |       |     1 |       |     1 ||     2
 Stab: Sleeping          |       |       |       |     1 |       ||     1
       Confused          |       |       |       |       |     1 ||     1
  Eat: Chunk             |       |       |       |     2 |       ||     2
       Ration            |       |       |       |     3 |     1 ||     4
Armor: Scale mail        |    20 |       |       |       |       ||    20
       Chain mail        |       |     6 |    21 |    26 |       ||    53
       Shadow dragon sca |       |       |       |    14 |       ||    14
       Plate armour      |       |       |       |       |    72 ||    72
Dodge: Dodged            |     6 |     1 |    12 |    25 |    48 ||    92
Block: Shield            |    14 |    13 |    26 |   124 |   108 ||   285
       Reflection        |       |       |       |       |    10 ||    10
